 Dungeon Crawl Stone Soup version 0.24.1 (webtiles) character file.

Game seed: 10533399824790765306, levelgen mode: deterministic

582 Peloso the Shield-Bearer (level 7, -2/54 HPs)
             Began as a Minotaur Fighter on Apr 5, 2020.
             Slain by Pikel
             ... wielding a +0 whip of flaming
              (7 damage)
             ... on level 5 of the Dungeon.
             The game lasted 00:07:25 (3073 turns).

Peloso the Shield-Bearer (Minotaur Fighter)         Turns: 3073, Time: 00:07:26

Health: -2/54      AC: 12    Str: 21    XL:     7   Next: 14%
Magic:  6/6        EV:  6    Int:  7    God:
Gold:   285        SH: 10    Dex: 11    Spells: 6/6 levels left

rFire    . . .     SeeInvis .   a - +0 long sword
rCold    . . .     Gourm    .   c - +0 shield
rNeg     . . .     Faith    .   e - +0 storm dragon scales
rPois    .         Spirit   .   (helmet restricted)
rElec    +         Reflect  .   (no cloak)
rCorr    .         Harm     .   (no gloves)
MR       .....     Rnd*Tele +   (no boots)
Stlth    ..........             (no amulet)
HPRegen  0.18/turn              (no ring)
MPRegen  0.10/turn              (no ring)

@: no status effects
A: retaliatory headbutt, horns 2, clever 1, frail 1, high mp 1, teleportitis 1
a: no special abilities


You were on level 5 of the Dungeon.
You were not hungry.

You visited 1 branch of the dungeon, and saw 5 of its levels.

You collected 285 gold pieces.

Inventory:

Hand Weapons
 a - a +0 long sword (weapon)
Armour
 b - a +0 scale mail
 c - a +0 shield (worn)
 e - +0 storm dragon scales (worn)
Jewellery
 k - an uncursed amulet of magic regeneration {unknown}
Wands
 d - a wand of iceblast (7)
 p - a wand of flame (24)
Scrolls
 g - 6 scrolls of identify {unknown}
 j - 3 scrolls of amnesia {unknown}
 l - 5 scrolls of remove curse {unknown}
 m - 3 scrolls of enchant armour {unknown}
 n - 2 scrolls of teleportation {unknown}
 o - 2 scrolls of fear {unknown}
 r - a scroll of immolation {unknown}
 t - a scroll of blinking {unknown}
Potions
 h - a potion of agility
 i - 3 potions of heal wounds
 q - a potion of brilliance {unknown}
 s - a potion of curing
 v - a potion of invisibility {unknown}
 w - a potion of resistance {unknown}
Comestibles
 f - 14 rations
 u - 3 chunks of flesh


   Skills:
 + Level 5.4 Fighting
 + Level 5.7 Long Blades
 + Level 5.1 Armour
 + Level 1.6 Dodging
 + Level 5.9 Shields


You had 6 spell levels left.
You didn't know any spells.
Your spell library was empty.

Dungeon Overview and Level Annotations

Branches:
Dungeon (5/15)
 Temple: D:4-7

Altars:
Ashenzari
Hepliaklqana
Sif Muna
Trog
Uskayaw
Xom

Annotations:
D:5 Pikel


Innate Abilities, Weirdness & Mutations

You reflexively headbutt those who attack you in melee.
You have a pair of horns on your head.
Your mind is acute. (Int +2)
You are frail. (-10% HP)
You have an increased reservoir of magic. (+10% MP)
You are occasionally teleported next to monsters.


Message History

You block Pikel's attack.
The worker ant zombie bites you but does no damage.
Pikel barely misses you.
The worker ant zombie barely misses you.
You block Pikel's attack.
You block the worker ant zombie's attack.
You block Pikel's attack.
You block the worker ant zombie's attack.
Pikel hits you but does no damage.
The worker ant zombie completely misses you.
You block Pikel's attack.
The worker ant zombie barely misses you.
You furiously retaliate!
You headbutt the worker ant zombie, but do no damage.
You block Pikel's attack.
The worker ant zombie bites you but does no damage.
You block Pikel's attack. The worker ant zombie bites you.
* * * LOW HITPOINT WARNING * * *
Pikel hits you with a +0 whip of flaming!
You die...

)#
##.....######..#.##.#
.# ##+#### #.##.##.#
.# #.......# .#
####.#### .# ### #.#
.#


pp# #.# .# #p# #.# .# #K# #.# ######@#####.# ......Z.......# .######.#######
...# ##### You could see Pikel, 3 slaves and a worker ant zombie.

Vanquished Creatures
  2 ogres
  2 howler monkeys
  An orc wizard (D:4)
  An orc priest (D:4)
  A bullfrog skeleton (D:5)
  4 worker ants
  6 adders
  3 oozes
  2 adder zombies (D:5)
  3 worms
  2 dart slugs (D:1)
  3 orcs
  6 giant cockroaches
  8 goblins
  7 hobgoblins
  4 jackals (D:1)
  6 kobolds
  4 quokkas
  3 ball pythons
  2 bats (D:3)
  4 frilled lizards
  A leopard gecko skeleton (D:4)
  A quokka skeleton (D:4)
  8 rats
84 creatures vanquished.

Notes
Turn   | Place    | Note
-------+----------+-------------------------------------------
     0 | D:1      | Peloso the Minotaur Fighter began the quest for the Orb.
     0 | D:1      | Reached XP level 1. HP: 19/19 MP: 0/0
   108 | D:1      | Reached XP level 2. HP: 25/27 MP: 1/1
   427 | D:1      | Reached XP level 3. HP: 31/33 MP: 2/2
   731 | D:2      | Found a faded altar of an unknown god.
   774 | D:2      | Reached XP level 4. HP: 40/40 MP: 3/3
  1470 | D:3      | Found a shimmering blue altar of Sif Muna.
  1476 | D:3      | Found a shattered altar of Ashenzari.
  1478 | D:3      | Found a bloodstained altar of Trog.
  1593 | D:3      | Noticed an ogre
  1602 | D:3      | Killed an ogre
  1602 | D:3      | Reached XP level 5. HP: 28/47 MP: 4/4
  1633 | D:3      | Found a hazy altar of Hepliaklqana.
  1859 | D:4      | Reached skill level 1 in Dodging
  1992 | D:4      | Found a shimmering altar of Xom.
  2100 | D:4      | Gained mutation: You are frail. (-10% HP) [potion of
                  | mutation]
  2100 | D:4      | Gained mutation: Your mind is acute. (Int +2) [potion of
                  | mutation]
  2100 | D:4      | Gained mutation: You are occasionally teleported next to
                  | monsters. [potion of mutation]
  2100 | D:4      | Gained mutation: You have an increased reservoir of magic.
                  | (+10% MP) [potion of mutation]
  2171 | D:4      | Reached XP level 6. HP: 44/47 MP: 5/5
  2178 | D:4      | Reached skill level 5 in Long Blades
  2229 | D:4      | Reached skill level 5 in Shields
  2506 | D:5      | Entered Level 5 of the Dungeon
  2830 | D:5      | Reached skill level 5 in Fighting
  2986 | D:5      | Reached skill level 5 in Armour
  2986 | D:5      | Reached XP level 7. HP: 15/54 MP: 6/6
  3009 | D:5      | Found a hide-covered altar of Uskayaw.
  3045 | D:5      | Noticed Pikel
  3073 | D:5      | Slain by Pikel

Levels and vault maps discovered:
D:1:      onia_arrival_handbag, layout_loops_cross, minmay_stone_trees_small
D:2:      layout_basic, chequers_ecumenical_altar_island
D:3:      layout_rooms, nicolae_overflow_hidden_temple,
          grunt_temple_overflow_open, serial_bayou_pond_b, grunt_ministairs_3
D:4:      layout_basic, overflow_temple_1_default
D:5:      layout_loops_corners, eat_drink_and_be_merry_uskayaw, temple_green,
          first_ration, uniq_pikel

Skill      XL: |  1  2  3  4  5  6 |
---------------+-------------------+-----
Armour         | 4 5 |  5.1
Fighting       | 4 5 |  5.4
Long Blades    | 3 4 5 |  5.7
Shields        | 4 5 |  5.9
Dodging        | 1 |  1.6

Action                   |  1- 3 |  4- 6 |  7- 9 || total
-------------------------+-------+-------+-------++-------
Melee: Long sword        |    77 |   154 |    11 ||   242
       Headbutt          |    14 |    23 |     3 ||    40
  Use: Potion            |       |     6 |       ||     6
  Eat: Chunk             |       |     6 |     1 ||     7
Armor: Scale mail        |     4 |       |       ||     4
       Storm dragon scal |    59 |    72 |     9 ||   140
Dodge: Dodged            |    21 |    31 |     4 ||    56
Block: Shield            |    42 |    73 |    21 ||   136
       Rpst.: Long sword |    10 |    10 |       ||    20
